 Dungeon Crawl Stone Soup version 0.28.0-45-g0d030f2227 (webtiles) character file.

Game seed: 12222413590065346129

40 Ablot the Cutter (level 3, -2/35 HPs)
             Began as a Gnoll Chaos Knight on Apr 17, 2022.
             Was a Plaything of Xom.
             Slain by an orc
             ... wielding a +0 flail
              (3 damage)
             ... on level 1 of the Dungeon.
             The game lasted 00:01:44 (1227 turns).

Ablot the Cutter (Gnoll Chaos Knight)               Turns: 1227, Time: 00:01:45

Health: -2/35      AC:  5    Str: 13    XL:     3   Next: 50%
Magic:  4/4        EV: 12    Int: 11    God:    Xom [..*...]
Gold:   1          SH:  0    Dex: 11    Spells: 3/3 levels left

rFire   . . .      SeeInvis .   a - +0 short sword (chaos)
rCold   . . .      Faith    .   (no shield)
rNeg    . . .      Spirit   .   b - +2 leather armour
rPois   .          Reflect  .   (no helmet)
rElec   .          Harm     .   (no cloak)
rCorr   .          Rampage  .   (no gloves)
Will    .....                   (no boots)
Stlth   +.........              (no amulet)
HPRegen 0.11/turn               (no ring)
MPRegen 0.09/turn               (no ring)

@: no status effects
A: fangs 1, strong nose, distributed training
a: Renounce Religion


You were on level 1 of the Dungeon.
You worshipped Xom.
You were a toy of Xom.
You visited 1 branch of the dungeon, and saw 2 of its levels.

You collected 49 gold pieces.
You spent 48 gold pieces at shops.

Inventory:

Hand Weapons
 a - a +0 short sword of chaos (weapon)
Missiles
 e - 47 stones (quivered)
 h - 16 bolts
Armour
 b - a +2 leather armour (worn)
Scrolls
 f - 2 scrolls of teleportation {unknown}
 j - a scroll of vulnerability {unknown}
 k - a scroll of fog
Potions
 c - a potion of curing {unknown}
 d - 2 potions of haste
 g - a potion of might {unknown}
 i - 3 potions of heal wounds


   Skills:
 + Level 6.5 Fighting
 + Level 6.5 Short Blades
 + Level 0.8 Long Blades
 + Level 0.8 Axes
 + Level 0.8 Maces & Flails
 + Level 0.8 Polearms
 + Level 0.8 Staves
 + Level 0.8 Slings
 + Level 0.8 Bows
 + Level 0.8 Crossbows
 + Level 0.8 Throwing
 + Level 4.5 Armour
 + Level 2.6 Dodging
 + Level 0.8 Stealth
 + Level 0.8 Shields
 + Level 0.8 Unarmed Combat
 + Level 0.8 Spellcasting
 + Level 0.5 Conjurations
 + Level 0.5 Hexes
 + Level 0.5 Summonings
 + Level 0.5 Necromancy
 + Level 0.5 Translocations
 + Level 0.5 Transmutations
 + Level 0.5 Fire Magic
 + Level 0.5 Ice Magic
 + Level 0.5 Air Magic
 + Level 0.5 Earth Magic
 + Level 0.5 Poison Magic
 + Level 1.0 Invocations
 + Level 0.8 Evocations


You had 3 spell levels left.
You didn't know any spells.
Your spell library was empty.

Dungeon Overview and Level Annotations

Branches:
Dungeon (2/15)

Altars:

Shops:
D:1 ?

Annotations:
D:2 Jessica


Innate Abilities, Weirdness & Mutations

You have very sharp teeth.
Your uncanny sense of smell can sniff out nearby items.
Your experience applies equally to all skills.


Message History

The orc is heavily wounded.
You hit the orc but do no damage. You punch the orc, but do no damage.
You bite the orc, but do no damage.
The orc is heavily wounded.
The orc barely misses you.
You hit the orc but do no damage.
The orc is heavily wounded.
The orc hits you with a +0 club.
You hit the orc but do no damage.
The orc is poisoned.
The orc is heavily wounded.
The orc barely misses you.
You hit the orc. You burn the orc.
You kill the orc!
Things that are here:
a +0 club; a +0 scale mail; an orc corpse
There is a stone staircase leading down here.
You start resting. "Take this token of my esteem."
Something appears at your feet!
h - 16 bolts You start resting.
HP restored.
You climb downwards.
Level annotation: Jessica The orc hits you with a +0 flail.
The orc priest calls down the wrath of Beogh upon you.
Beogh smites you! The orc closely misses you.
There is a stone staircase leading up here.
Unknown command.
The orc priest invokes the aid of Beogh against you.
Beogh smites you!
* * * LOW HITPOINT WARNING * * *
The orc hits you with a +0 flail.
* * * LOW HITPOINT WARNING * * *
You climb upwards.
There is a stone staircase leading down here.
You hit the orc. You burn the orc.
The orc is heavily wounded.
The orc hits you with a +0 flail.
You die...

#####..## #.#.##.##
#...#...####...##.##
#..#.#....###..##.##
#.#...#.#..######...
##..∩..###.# ####
#.#..)#.##.#
#..#.#..##.###
#...#........#######
##[@o#####..........
#...............#..
#...#####.....#...#
##### #...#.#####
#...#.## # #####..#
# ##.#### #...##
###..>


You could see an orc.

Vanquished Creatures
  An adder (D:2)
  3 orcs
  2 ball pythons (D:1)
  An endoplasm (D:1)
  2 giant cockroaches
  A hobgoblin (D:2)
  3 jackals (D:1)
  3 kobolds (D:1)
  5 bats
  A frilled lizard (D:1)
  3 goblins
25 creatures vanquished.

Notes
Turn   | Place    | Note
-------+----------+-------------------------------------------
     0 | D:1      | Ablot the Gnoll Chaos Knight began the quest for the Orb.
     0 | D:1      | Reached XP level 1. HP: 23/23 MP: 1/1
    34 | D:1      | Found Nanuxt Fiacu's Magic Scroll Emporium.
    93 | D:1      | Reached XP level 2. HP: 29/29 MP: 2/2
   339 | D:1      | XOM: silly message
   789 | D:1      | Bought a scroll of identify for 24 gold pieces
   789 | D:1      | Bought a scroll of fog for 24 gold pieces
   789 | D:1      | XOM: divination: detect items
   810 | D:2      | Reached XP level 3. HP: 24/35 MP: 2/4
   817 | D:2      | XOM: scenery: 2 doors open
   818 | D:2      | Noticed Jessica
   819 | D:2      | XOM: cleaving
   827 | D:2      | Reached skill level 1 in Invocations
  1024 | D:2      | XOM: butterfly on damage
  1091 | D:1      | XOM: god gift: 16 bolts
  1225 | D:2      | HP: 1/35 [orc/+0 flail (5)]
  1227 | D:1      | Slain by an orc

Illustrated notes

Levels and vault maps discovered:
D:1:      dpeg_arrival_erosion, layout_rooms, serial_shops, nicolae_diamond_shop
D:2:      layout_basic, minmay_snake_closets, uniq_crazy_yiuf_cottage,
          uniq_robin, uniq_jessica

Skill      XL: |  1  2  3 |
---------------+----------+-----
Invocations    | 1 |  1.0
Fighting       | |  6.5
Short Blades   | |  6.5
Long Blades    | |  0.8
Axes           | |  0.8
Maces & Flails | |  0.8
Polearms       | |  0.8
Staves         | |  0.8
Slings         | |  0.8
Bows           | |  0.8
Crossbows      | |  0.8
Throwing       | |  0.8
Armour         | |  4.5
Dodging        | |  2.6
Stealth        | |  0.8
Shields        | |  0.8
Unarmed Combat | |  0.8
Spellcasting   | |  0.8
Conjurations   | |  0.5
Hexes          | |  0.5
Summonings     | |  0.5
Necromancy     | |  0.5
Translocations | |  0.5
Transmutations | |  0.5
Fire Magic     | |  0.5
Ice Magic      | |  0.5
Air Magic      | |  0.5
Earth Magic    | |  0.5
Poison Magic   | |  0.5
Evocations     | |  0.8

Action                   || total
-------------------------++-------
Melee: Short sword       ||    98
       Bite              ||    11
       Punch             ||     2
  Use: Scroll            ||     2
Armor: Leather armour    ||    60
Dodge: Dodged            ||    89
